 Dungeon Crawl Stone Soup version 0.20.1-1-g8b1a95d (webtiles) character file.

504 tmwrnj the Chopper (level 7, -1/60 HPs)
             Began as a Hill Orc Fighter on Sept 30, 2017.
             Succumbed to Edmund's poison
             ... on level 4 of the Dungeon.
             The game lasted 00:07:15 (3270 turns).

tmwrnj the Chopper (Hill Orc Fighter)               Turns: 3270, Time: 00:07:15

Health: -1/60      AC: 15    Str: 20    XL:     7   Next: 17%
Magic:  7/7        EV:  4    Int:  8    God:
Gold:   134        SH:  9    Dex: 11    Spells: 6/6 levels left

rFire    . . .     SeeInvis .   a - +0 war axe
rCold    . . .     Gourm    .   c - +0 shield
rNeg     . . .     Faith    .   v - +0 plate armour
rPois    .         Spirit   .   l - +1 helmet
rElec    .         Reflect  .   (no cloak)
rCorr    .         Harm     .   k - +0 pair of gloves
MR       .....                  (no boots)
Stlth    ..........             (no amulet)
Regen    0.2/turn               (no ring)
MPRegen  0.1/turn               s - ring of stealth

@: lethally poisoned (-1 -> -25)
A: no striking features
a: no special abilities


You were on level 4 of the Dungeon.
You were not hungry.

You visited 1 branch of the dungeon, and saw 4 of its levels.

You collected 134 gold pieces.

Inventory:

Hand Weapons
 a - a +0 war axe (weapon)
Armour
 c - a +0 shield (worn)
 k - a +0 pair of gloves (worn)
 l - a +1 helmet (worn)
 v - a +0 plate armour (worn)
Jewellery
 s - a ring of stealth (right hand)
Wands
 q - a wand of random effects (17/48)
 t - a wand of random effects (31/48)
Scrolls
 b - 7 scrolls of identify
 e - 3 scrolls of noise
 h - a scroll of recharging {unknown}
 j - 5 scrolls of enchant armour
 m - 2 scrolls of remove curse
 n - a scroll of fog {unknown}
 o - a scroll of random uselessness {unknown}
Potions
 d - a potion of might
 p - a potion of degeneration {unknown}
 r - a potion of ambrosia {unknown}
 u - a potion of curing
Comestibles
 f - 5 bread rations
 g - 2 meat rations


   Skills:
 + Level 4.9 Fighting
 + Level 7.1 Axes
 + Level 4.6 Armour
 + Level 1.0 Dodging
 + Level 0.3 Stealth
 + Level 4.4 Shields


You had 6 spell levels left.
You didn't know any spells.

Dungeon Overview and Level Annotations

Branches:
Dungeon (4/15)             Temple (0/1) D:4

Altars:
Gozag
Qazlal
Sif Muna
Trog
Zin

Shops:
D:4 (

Annotations:
D:4 Edmund


Message History

* * * LOW HITPOINT WARNING * * *
You feel very sick.
You hit Edmund.
Edmund is almost dead.
* * * LOW HITPOINT WARNING * * *
You feel very sick. You block Edmund's attack.
You hit Edmund.
Edmund is almost dead.
* * * LOW HITPOINT WARNING * * *
You feel very sick. You block Edmund's attack.
You closely miss Edmund.
Edmund is almost dead.
* * * LOW HITPOINT WARNING * * *
You feel very sick. You block Edmund's attack.
Your shield and plate armour prevent you from hitting Edmund.
Edmund is almost dead.
You die...

#..## #. #..#####.
##+# #........ ..#
##.###### #.# #.#
###>### #.# #
#.###.....# #.# #
..........# #.# #
#......@@.# #.# #
#######.#.########.#
# #.#..........# #
#.############ # #.#
# #.# #.# #.#


You could see Edmund.

Vanquished Creatures
  Grinder (D:3)
  Sigmund (D:3)
  Ijyb (D:3)
  Robin (D:3)
  5 adders
  An adder skeleton (D:4)
  A leopard gecko (D:2)
  2 orcs (D:3)
  7 giant cockroaches
  5 hobgoblins
  7 jackals
  6 kobolds
  A quokka (D:3)
  A ball python (D:3)
  6 bats
  4 frilled lizards
  16 goblins
  5 rats
71 creatures vanquished.

Notes
Turn   | Place    | Note
-------+----------+-------------------------------------------
     0 | D:1      | tmwrnj the Hill Orc Fighter began the quest for the Orb.
     0 | D:1      | Reached XP level 1. HP: 19/19 MP: 1/1
   304 | D:1      | Reached XP level 2. HP: 21/27 MP: 2/2
   836 | D:1      | Reached skill level 3 in Axes
  1064 | D:2      | Noticed Sigmund
  1186 | D:2      | Reached XP level 3. HP: 29/33 MP: 3/3
  1613 | D:2      | Found an opulent altar of Gozag.
  1878 | D:2      | Reached XP level 4. HP: 40/40 MP: 4/4
  2142 | D:3      | Reached skill level 4 in Axes
  2235 | D:3      | Noticed Ijyb
  2250 | D:3      | Killed Ijyb
  2285 | D:3      | Found a bloodstained altar of Trog.
  2314 | D:3      | Killed Sigmund
  2314 | D:3      | Reached skill level 5 in Axes
  2314 | D:3      | Reached XP level 5. HP: 39/47 MP: 5/5
  2314 | D:3      | Reached XP level 6. HP: 44/53 MP: 6/6
  2470 | D:3      | Noticed Robin
  2481 | D:3      | Reached skill level 6 in Axes
  2489 | D:3      | Killed Robin
  2579 | D:3      | Found a stormy altar of Qazlal.
  2588 | D:3      | Noticed Grinder
  2601 | D:3      | Paralysed by Grinder for 2 turns
  2607 | D:3      | Killed Grinder
  2607 | D:3      | Reached skill level 7 in Axes
  2607 | D:3      | Reached skill level 1 in Dodging
  2607 | D:3      | Reached XP level 7. HP: 16/60 MP: 7/7
  2919 | D:3      | Found a glowing silver altar of Zin.
  3012 | D:4      | Found a deep blue altar of Sif Muna.
  3097 | D:4      | Found Xeammaz's Weapon Boutique.
  3140 | D:4      | Found a staircase to the Ecumenical Temple.
  3244 | D:4      | Noticed Edmund
  3269 | D:4      | HP: 2/60 [poisoned by Edmund]
  3270 | D:4      | Succumbed to Edmund's poison

Skill      XL: |  1  2  3  4  5  6 |
---------------+-------------------+-----
Fighting       | 4 |  4.9
Axes           | 3 5 7 |  7.1
Armour         | 4 |  4.6
Shields        | 4 |  4.4
Dodging        | 1 |  1.0
Stealth        | |  0.3

Action                   |  1- 3 |  4- 6 |  7- 9 || total
-------------------------+-------+-------+-------++-------
Melee: War axe           |   129 |   106 |    34 ||   269
  Use: Scroll            |       |     4 |       ||     4
 Stab: Distracted        |       |     1 |       ||     1
  Eat: Chunk             |     3 |     3 |     2 ||     8
Armor: Scale mail        |    38 |       |       ||    38
       Chain mail        |    43 |    54 |     2 ||    99
       Plate armour      |       |       |     8 ||     8
Dodge: Dodged            |    34 |    18 |     5 ||    57
Block: Shield            |    70 |    46 |    13 ||   129
